 Dungeon Crawl Stone Soup version 0.17.2-1-ge4368a0 (webtiles) character file.

6185 Goblin1989 the Arsonist (level 10, -10/69 HPs)
             Began as a Demigod Fire Elementalist on Oct 4, 2016.
             Engulfed by a cloud of flame (11 damage)
             ... on level 9 of the Dungeon.
             The game lasted 00:49:08 (8436 turns).

Goblin1989 the Arsonist (Demigod Fire Elementalist) Turns: 8436, Time: 00:49:08

Health: -10/69     AC: 15    Str: 11    XL:     10   Next: 34%
Magic:  7/23       EV: 12    Int: 25    God:
Gold:   144        SH:  6    Dex: 15    Spells: 4 memorised, 10 levels left

rFire  . . .     SeeInvis .     b - +2 dagger (protect)
rCold  . . .     Clarity  .     j - +0 robe
rNeg   . . .     SustAt   +     i - +0 buckler
rPois  +         Gourm    .     (no helmet)
rElec  .         Spirit   .     K - +1 cloak {rPois}
rCorr  .         Warding  .     t - +1 pair of gloves
rMut   .         Stasis   .     (no boots)
MR     ++...                    (no amulet)
Stlth  ++........               (no ring)
                                m - ring of protection from magic

@: lethally poisoned (-10 -> -12), very resistant to hostile enchantments,
unstealthy
A: rough black scales 1, high mp 1, evolution 1, sustain attributes
a: no special abilities


You were on level 9 of the Dungeon.
You were hungry.

You visited 1 branch of the dungeon, and saw 9 of its levels.

You collected 549 gold pieces.
You spent 405 gold pieces at shops.

Inventory:

Hand Weapons
 a - a +2 dagger of speed
 b - a +2 dagger of protection (weapon)
Armour
 i - a +0 buckler (worn)
 j - a +0 robe (worn)
 t - a +1 pair of gloves (worn)
 K - a +1 cloak of poison resistance (worn)
Jewellery
 m - a ring of protection from magic (left hand)
 H - an uncursed ring of ice
Wands
 r - a wand of polymorph (8)
 A - a wand of flame (32)
 B - a wand of draining (6)
 F - a wand of slowing (28)
Scrolls
 d - 3 scrolls of immolation {unknown}
 f - a scroll of fog {unknown}
 g - a scroll of recharging {unknown}
 h - 2 scrolls of noise {unknown}
 k - 5 scrolls of remove curse {@r2}
 l - 3 scrolls of teleportation {unknown}
 n - 4 scrolls of enchant armour {unknown}
 v - a scroll of amnesia {unknown}
 y - a scroll of enchant weapon {unknown}
 C - 7 scrolls of identify {unknown}
 D - a scroll of fear {unknown}
 G - 2 scrolls of blinking {unknown}
Potions
 e - a potion of haste {@q3}
 o - 2 potions of curing {@q1}
 p - 3 potions of invisibility
 x - 5 potions of brilliance
 z - a potion of might {unknown}
 I - a potion of experience
Books
 s - a book of Clouds

   Spells                             Type                      Level
   a - Mephitic Cloud                 Conjuration/Poison/Air       3
   b - Conjure Flame                  Conjuration/Fire             3
   c - Poisonous Cloud                Conjuration/Poison/Air       6
   d - Freezing Cloud                 Conjuration/Ice/Air          6
   e - Ring of Flames                 Charms/Fire                  7
 u - a book of Flames

   Spells                             Type                      Level
   a - Flame Tongue                   Conjuration/Fire             1
   b - Throw Flame                    Conjuration/Fire             2
   c - Conjure Flame                  Conjuration/Fire             3
   d - Inner Flame                    Hexes/Fire                   3
   e - Sticky Flame                   Conjuration/Fire             4
   f - Fireball                       Conjuration/Fire             5
Comestibles
 c - 5 bread rations
 w - 9 slices of pizza
 E - 3 meat rations
 J - 2 beef jerkies


   Skills:
 - Level 1.7 Dodging
 - Level 1.7 Stealth
 * Level 6.1 Shields
 + Level 6.1 Spellcasting
 * Level 9.2 Conjurations
 * Level 9.4 Fire Magic


You had 10 spell levels left.
You knew the following spells:

 Your Spells              Type           Power        Failure   Level  Hunger
a - Flame Tongue          Conj/Fire      #####        1%          1    None
b - Inner Flame           Hex/Fire       ####....     3%          3    None
c - Sticky Flame          Conj/Fire      ######..     1%          4    ###....
j - Conjure Flame         Conj/Fire      ######..     1%          3    None


Dungeon Overview and Level Annotations

Branches:
Dungeon (9/15)             Temple (0/1) D:4
   Lair: D:8-11         Orc: D:9-12

Shops:
D:6 (   D:9 [

Annotations:
D:4 Goblin1989's ghost, amateur FoFi


Innate Abilities, Weirdness & Mutations

You have an increased reservoir of magic (+10% MP).
Your attributes are resistant to harm.
You are partially covered in rough black scales (AC +4, Dex -1).
You evolve.


Message History

Press: ? - help, Shift-Dir - straight line, f - killer bee
Aim: a killer bee The flame tongue hits the killer bee.
The killer bee is heavily wounded.
You are engulfed in roaring flames.
* * * LOW HITPOINT WARNING * * *
x2 You feel sick.
The killer bee misses you. The killer bee closely misses you.
The killer bee stings you but does no damage.
The killer bee closely misses you.
You take 8 damage, and have 1/62 hp.
You now have 7/20 mp.
Unknown command.
Drink which item? (? for menu, Esc to quit)
It was a potion of experience.
You feel more experienced!
Your Shields skill gained 3 levels and is now at level 6!
Your Spellcasting skill increases to level 6!
Your Conjurations skill gained 2 levels and is now at level 9!
Your Fire Magic skill gained 2 levels and is now at level 9!
You have reached level 10!
You are engulfed in roaring flames.
You die...

88.........88%.
.8888......8...
.........888...
....88888.....
ਜਜ............
ਜ.....§§§.....
ਜ....y§§§.ਜ
ਜ.....@y§.ਜ
ਜ......ਜਜ▲ਜ
ਜ......ਜ
ਜਜਜਜ......ਜ
ਜ.........▲
ਜ.........ਜ
ਜਜਜਜਜ.....ਜ
ਜ.....ਜ ਜ.....ਜ


You could see 2 killer bees.

Vanquished Creatures
  Sigmund (D:6)
  The ghost of Goblin1989 the Sneak, an amateur VSAs (D:6)
  A human (D:8)
  2 hogs (D:8)
  A hungry ghost (D:7)
  An orc warrior (D:8)
  2 sky beasts (D:5)
  A phantom (D:8)
  2 ogres (D:5)
  2 centaurs
  2 giant frogs
  A wyvern zombie (D:8)
  2 scorpions
  A water moccasin skeleton (D:6)
  11 killer bees
  A crimson imp (D:8)
  3 hounds
  A jelly (D:8)
  2 giant frog zombies
  An orc priest (D:7)
  2 centaur skeletons (D:4)
  A worker ant (D:7)
  3 iguanas
  3 orc wizards
  A killer bee zombie (D:8)
  2 sheep (D:8)
  A shadow imp (D:7)
  8 adders
  3 worms
  3 giant geckos
  15 orcs
  3 giant cockroaches
  6 hobgoblins
  12 jackals
  11 bats
  3 giant newts
  9 goblins
  A jackal skeleton (D:8)
  A jackal zombie (D:8)
  8 kobolds
  2 quokkas
  4 rats
141 creatures vanquished.

Notes
Turn   | Place    | Note
--------------------------------------------------------------
     0 | D:1      | Goblin1989 the Demigod Fire Elementalist began the quest for the Orb.
     0 | D:1      | Reached XP level 1. HP: 14/14 MP: 5/5
   104 | D:1      | Reached skill level 1 in Conjurations
   439 | D:1      | Reached XP level 2. HP: 17/20 MP: 0/7
   940 | D:2      | Reached skill level 3 in Fire Magic
  1382 | D:2      | Reached XP level 3. HP: 26/26 MP: 4/8
  1965 | D:2      | Learned a level 3 spell: Conjure Flame
  2930 | D:3      | Reached XP level 4. HP: 33/33 MP: 1/10
  3297 | D:3      | Learned a level 3 spell: Inner Flame
  3539 | D:4      | Reached XP level 5. HP: 38/38 MP: 9/11
  3616 | D:4      | Reached skill level 4 in Fire Magic
  3778 | D:4      | Found a staircase to the Ecumenical Temple.
  4011 | D:4      | Noticed Goblin1989's ghost (amateur FoFi)
  4012 | D:4      | Noticed an ogre
  4057 | D:5      | Entered Level 5 of the Dungeon
  4065 | D:5      | Noticed a sky beast
  4078 | D:5      | Killed a sky beast
  4078 | D:5      | Reached XP level 6. HP: 45/45 MP: 5/13
  4099 | D:5      | Noticed a sky beast
  4111 | D:5      | Killed a sky beast
  4236 | D:5      | Noticed an ogre
  4245 | D:5      | Killed an ogre
  4334 | D:5      | Reached skill level 5 in Fire Magic
  4340 | D:5      | Learned a level 4 spell: Sticky Flame
  4632 | D:5      | Found a blossoming altar of Fedhas.
  4641 | D:5      | Reached XP level 7. HP: 28/50 MP: 6/15
  4761 | D:5      | Found a shadowy altar of Dithmenos.
  4971 | D:6      | Found a deep blue altar of Sif Muna.
  5030 | D:6      | Found Ceygif's Antique Weapon Shoppe.
  5160 | D:6      | Reached skill level 5 in Conjurations
  5289 | D:6      | Noticed Sigmund
  5299 | D:6      | Killed Sigmund
  5300 | D:6      | ololoev: итак, хп нинужно
  5316 | D:6      | ololoev: !cmdsearch high
  5342 | D:6      | beem: ]!highscores
  5342 | D:6      | ololoev: !highscores
  5342 | D:6      | beem: ololoev has no high scores.
  5433 | D:6      | Found a sacrificial altar of Ru.
  5434 | D:6      | ololoev: !highscores defe
  5434 | D:6      | beem: defe's high scores: KoFi
  5434 | D:6      | ololoev: !lg dgen score>11000000
  5434 | D:6      | beem: No games for dgen (score>11000000).
  5434 | D:6      | Goblin1989: зацени
  5434 | D:6      | ololoev: !lg dgen score>10000000
  5434 | D:6      | beem: No games for dgen (score>10000000).
  5434 | D:6      | ololoev: abuyz
  5434 | D:6      | ololoev: фигня
  5434 | D:6      | ololoev: !lg * dgen score>11000000
  5434 | D:6      | beem: 2. eld the Conqueror (L27 DgEn), escaped with the Orb and 15 runes on 2016-09-17 07:33:23, with 19247305 points after 79346 turns and 8:41:31.
  5434 | D:6      | ololoev: в общем у меня нет хайскора
  5434 | D:6      | ololoev: больше
  5434 | D:6      | ololoev: !decentchar
  5434 | D:6      | beem: The RNG chooses: GhFi
  5434 | D:6      | ololoev: гулька файтер
  5434 | D:6      | Goblin1989: лол
  5434 | D:6      | ololoev: потом как-нибудь сделаю
  5434 | D:6      | Goblin1989: табтабтаб
  5434 | D:6      | ololoev: !фзе пр
  5434 | D:6      | ololoev: !apt gh
  5434 | D:6      | beem: Gh: Fighting: 1, Short: -1, Long: -1, Axes: -1, Maces: -1, Polearms: -1, Staves: -1, Slings: -1, Bows: -1, Xbows: -1, Throw: -1, Armour: -1, Dodge: -1, Stealth: 2, Shields: -1, UC: 1!, Splcast: -2, Conj: -2, Hexes: -2, Charms: -1, Summ: -1, Nec: 0, Tloc: -1, Tmut: -1, Fire: -2, Ice: 1, Air: -2, Earth: 1, Poison: 0, Inv: 1, Evo: -1, Exp: 0, HP: 1, MP: -1*
  5485 | D:6      | Noticed Goblin1989's ghost (amateur VSAs)
  5490 | D:6      | ololoev: !oneandwon
  5491 | D:6      | beem: Chars won first try for ololoev: CeAs, DDFE, DEIE, DESk, DEWz, DgEn, DrEn, DrVM, DrWn, DsAK, DsAr, DsFE, GhAK, GrFi, HaAM, HaAr, HaAs, HEAs, HEFE, HOHu, MiBe, MuGl, NaFi, OpWz, SpAs, VpEn
  5491 | D:6      | ololoev: !decentplayer
  5492 | D:6      | beem: ololoev is a decent player. 26 oneandwon wins.
  5494 | D:6      | ololoev: !lg . /won
  5495 | D:6      | beem: 71/2869 games for ololoev: N=71/2869 (2.47%)
  5496 | D:6      | Killed Goblin1989's ghost
  5496 | D:6      | Reached skill level 6 in Fire Magic
  6122 | D:7      | Reached XP level 8. HP: 57/57 MP: 11/17
  6598 | D:7      | Found a snail-covered altar of Cheibriados.
  6644 | D:7      | Gained mutation: You evolve. [potion of beneficial mutation]
  6646 | D:7      | ololoev: табать будешь или запать?
  6646 | D:7      | ololoev: глоабльно если
  6864 | D:7      | Reached skill level 7 in Fire Magic
  6951 | D:7      | Noticed an angel
  6970 | D:7      | Found a shimmering altar of Xom.
  6970 | D:7      | Found a glowing silver altar of Zin.
  7441 | D:8      | Gained mutation: You are partially covered in rough black scales (AC +4, Dex -1). [evolution]
  7464 | D:8      | Reached skill level 1 in Shields
  7706 | D:8      | Reached XP level 9. HP: 62/62 MP: 16/19
  7785 | D:8      | Found a burning altar of Makhleb.
  7947 | D:8      | Reached skill level 5 in Spellcasting
  8345 | D:9      | Found Kinloish's Antique Armour Shoppe.
  8349 | D:9      | Found an ancient bone altar of Kikubaaqudgha.
  8351 | D:9      | Found a glowing golden altar of the Shining One.
  8362 | D:9      | Bought an embroidered cloak for 130 gold pieces
  8362 | D:9      | Bought a twisted chain mail for 275 gold pieces
  8372 | D:9      | Identified the +8 chain mail of Zuly {+Blink rF- rN+ Int+2} (You bought it in a shop on level 9 of the Dungeon)
  8435 | D:9      | HP: 2/62 [cloud of flame (7)]
  8436 | D:9      | Reached skill level 9 in Conjurations
  8436 | D:9      | Reached XP level 10. HP: 1/69 MP: 7/23
  8436 | D:9      | Engulfed by a cloud of flame

Action                   |  1- 3 |  4- 6 |  7- 9 | 10-12 || total
-------------------------+-------+-------+-------+-------++-------
Melee: Dagger            |     8 |     2 |    33 |       ||    43
 Cast: Flame Tongue      |   103 |    76 |   135 |       ||   314
       Sticky Flame      |       |     2 |    19 |       ||    21
       Conjure Flame     |       |     1 |     5 |       ||     6
       Inner Flame       |       |       |     5 |       ||     5
  Use: Scroll            |       |     1 |       |       ||     1
       Potion            |       |       |     9 |       ||     9
 Stab: Sleeping          |       |       |     1 |       ||     1
  Eat: Chunk             |     7 |     5 |     6 |       ||    18
       Meat ration       |       |       |     1 |       ||     1
       Bread ration      |       |       |     1 |       ||     1
       Fruit             |       |       |     1 |       ||     1
       Pizza             |       |       |     1 |       ||     1
       Beef jerky        |       |       |     1 |       ||     1

Vault maps used:
D:1:      dpeg_arrival_central, minivault_14
D:2:      first_bread, dk_noncrumbling_3
D:3:      lemuel_upstairs_altar
D:4:      lemuel_crystal_altar, minmay_temple_entry_poolview,
          lexackson_kobold_supper
D:5:      fedhas_bush_and_centaur_altar, grunt_dithmenos_smoke_and_mirrors
D:6:      old_standard_altar, lemuel_crystal_altar, serial_shops,
          nicolae_shop_stone, uniq_sigmund
D:7:      grunt_temple_overflow_order_and_chaos_1, kennysheep_mini_moat
D:8:      kennysheep_little_box, grunt_livestock
D:9:      marbit_many_paths, nicolae_overflow_hidden_temple, serial_shops,
          nicolae_shop_overgrown_old_shop, minmay_radiant, uniq_joseph,
          uniq_erolcha
